 Dungeon Crawl Stone Soup version 0.13-a0-2527-g93fcdc4 (webtiles) character file.

466 Rycklaryybbe the Sneak (level 6, -5/43 HPs)
             Began as a Vampire Arcane Marksman on July 25, 2013.
             Was a Follower of Ashenzari.
             Slain by a gnoll
             ... wielding a +0,+0 halberd
              (7 damage)
             ... while paralysed by a potion of paralysis
             ... on Level 3 of the Dungeon.
             The game lasted 00:15:10 (4256 turns).

Rycklaryybbe the Sneak (Vampire Arcane Marksman)    Turns: 4256, Time: 00:15:10

HP  -5/43        AC  2     Str 10      XL: 6   Next: 22%
MP  10/10        EV  2     Int 21      God: Ashenzari [*.....]
Gold 144         SH  0     Dex 14      Spells:  1 memorised,  8 levels left

Res.Fire  : . . .   See Invis. : +   m - +0 short sword
Res.Cold  : . . .   Warding    : .   a - +0 robe
Life Prot.: + . .   Conserve   : .   r - +1 dwarf buckler
Res.Poison: .       Res.Corr.  : .   w - +0 wizard hat
Res.Elec. : .       Clarity    : .   (no cloak)
Sust.Abil.: . .     Spirit.Shd : .   (no gloves)
Res.Mut.  : +       Stasis     : .   (no boots)
Res.Rott. : .       Flight     : .   y - amulet of resist mutation {unknown}
Saprovore : . . .                    (no ring)
                                     (no ring)

@: paralysed, brilliant, slightly resistant to hostile enchantments, very
stealthy
A: bottle blood, fangs 3, see invisible, unbreathing
a: Bat Form, Bottle Blood, Renounce Religion


You were on level 3 of the Dungeon.
You worshipped Ashenzari.
Ashenzari was pleased with you.
You were not thirsty.

You visited 2 branches of the dungeon, and saw 6 of its levels.

You collected 94 gold pieces.

Inventory:

Hand weapons
 m - a +0,+0 short sword (weapon)
Missiles
 i - 9 darts (quivered)
Armour
 a - a +0 robe (worn)
 r - a +1 dwarven buckler (worn)
 w - a +0 wizard hat (worn)
Scrolls
 j - 4 scrolls of enchant weapon II {unknown}
 k - a scroll of teleportation {unknown}
 n - 2 scrolls of fog {unknown}
 p - 4 scrolls of identify {unknown}
 s - 5 scrolls of remove curse
 u - a scroll of magic mapping {unknown}
 x - 2 scrolls of enchant armour {unknown}
 z - a scroll of enchant weapon I {unknown}
Jewellery
 y - an amulet of resist mutation (around neck) {unknown}
Potions
 g - 2 potions of invisibility
 h - a potion of curing
 o - a potion of confusion {unknown}
Books
 d - a book of Debilitation

   Spells                             Type                      Level
   *Corona                            Hexes                        1
   Slow                               Hexes                        2
   Inner Flame                        Hexes/Fire                   3
   Enslavement                        Hexes                        4
   Cause Fear                         Hexes                        4
   Leda's Liquefaction                Hexes/Earth                  4


   Skills:
 - Level 0.8 Fighting
 - Level 3.1 Short Blades
 * Level 2.1 Throwing
 - Level 2.1 Dodging
 - Level 7.7 Stealth
 - Level 2.0 Spellcasting
 + Level 4.8 Hexes


You had 8 spell levels left.
You knew the following spells:

 Your Spells              Type           Power        Failure   Level  Hunger
a - Corona                Hex            #####..      1%          1    #......


Dungeon Overview and Level Annotations

Branches:
Dungeon (5/27)             Temple (1/1) D:4

Altars:
Ashenzari
Elyvilon
Fedhas
Nemelex Xobeh
Okawaru
Sif Muna
Trog
Xom
Yredelemnul
Zin
the Shining One

Shops:
D:4: +((

Annotations
D:4 1 exclusion, Prince Ribbit


Innate Abilities, Weirdness & Mutations

You can bottle blood from corpses.
You have razor-sharp teeth.*
You have supernaturally acute eyesight.
You can survive without breathing.*


Message History

The gnoll hits you from afar with a halberd!
Use which ability? (? or * to list)
You fail to use your ability.
The gnoll hits you from afar with a halberd!
* * * LOW HITPOINT WARNING * * *
There is a stone staircase leading down here.
You see here an uncursed short sword.
A rat comes into view.
Drink which item? (? for menu, Esc to quit)
You feel more clever all of a sudden.
It was a potion of brilliance.
The gnoll barely misses you.
Drink which item? (? for menu, Esc to quit)
You suddenly lose the ability to move!
It was a potion of paralysis.
The rat bites you.
The gnoll hits you from afar with a halberd!
* * * LOW HITPOINT WARNING * * *
The rat bites you.
* * * LOW HITPOINT WARNING * * *
The gnoll hits you from afar with a halberd!
You die...

##### ############ #...#
#..@r......# #.#.# #g########.#
####g#.# #.# #.# #....#.# #.#####
#.# #.####.# #.....# #.# ..# #.#
#####.# #.# ..####.###########.#
#.# ..........)........# #.#
.#....#################.#########


You could see a gnoll and a rat.

Vanquished Creatures
  Menkaure (D:4)
  A hound (D:4)
  2 worker ants (D:4)
  A gnoll (D:3)
  5 adders
  A giant mite (D:2)
  A giant eyeball (D:3)
  An ooze (D:2)
  6 orcs
  A ball python (D:2)
  8 giant cockroaches
  6 hobgoblins
  3 jackals (D:3)
  7 kobolds
  2 quokkas
  4 bats
  6 giant newts
  6 goblins
  A kobold skeleton (D:4)
  An orc skeleton (D:4)
  4 rats
68 creatures vanquished.

Notes
Turn   | Place    | Note
--------------------------------------------------------------
     0 | D:1      | Rycklaryybbe, the Vampire Arcane Marksman, began the quest for the Orb.
     0 | D:1      | Reached XP level 1. HP: 15/15 MP: 2/2
    55 | D:1      | Reached skill level 1 in Stealth
   451 | D:1      | Found a sparkling altar of Nemelex Xobeh.
   645 | D:2      | Reached XP level 2. HP: 12/21 MP: 4/4
   866 | D:2      | Reached XP level 3. HP: 26/26 MP: 5/5
   911 | D:2      | Reached skill level 5 in Stealth
  1475 | D:3      | Reached XP level 4. HP: 32/32 MP: 5/7
  1632 | D:3      | Found a shattered altar of Ashenzari.
  1635 | D:3      | Became a worshipper of Ashenzari the Shackled
  1909 | D:3      | Found a deep blue altar of Sif Muna.
  2180 | D:3      | Reached skill level 6 in Stealth
  2390 | D:4      | Reached skill level 1 in Short Blades
  2530 | D:4      | Found Ihug's Weapon Boutique.
  2698 | D:4      | Found Chol's Antique Weapon Shoppe.
  2744 | D:4      | Found a shimmering altar of Xom.
  2747 | D:4      | Noticed Menkaure
  2785 | D:4      | Reached XP level 5. HP: 37/37 MP: 8/8
  2802 | D:4      | Noticed Prince Ribbit
  2849 | D:4      | Killed Menkaure
  2849 | D:4      | Reached skill level 7 in Stealth
  2857 | D:4      | Found a staircase to the Ecumenical Temple.
  2871 | D:4      | Found Ubbewk's Book Shoppe.
  2937 | D:4      | Reached XP level 6. HP: 15/43 MP: 10/10
  2962 | Temple   | Entered the Ecumenical Temple
  3379 | D:4      | HP: 2/43 [iguana (4)]
  3406 | D:5      | Entered Level 5 of the Dungeon
  3782 | D:3      | HP: 2/43 [poisoned by an adder]
  4254 | D:3      | Paralysed by a potion of paralysis for 4 turns
  4255 | D:3      | HP: 2/43 [rat (1)]
  4256 | D:3      | Slain by a gnoll

Action                   |  1- 3 |  4- 6 || total
-------------------------+-------+-------++-------
Melee: Unarmed           |    20 |       ||    20
       Short sword       |    68 |   139 ||   207
Throw: Javelin           |    26 |    23 ||    49
       Throwing net      |     5 |     6 ||    11
       Dart              |     9 |    29 ||    38
       Dagger            |       |     3 ||     3
       Club              |       |     2 ||     2
 Cast: Corona            |     5 |    13 ||    18
 Abil: End Transformatio |       |     2 ||     2
       Bat Form          |       |     2 ||     2
  Use: Potion            |       |     4 ||     4
 Stab: Sleeping          |     3 |     4 ||     7
       Held in net/web   |     1 |     1 ||     2
